 Dungeon Crawl Stone Soup version 0.18.1-6-gd335043 (webtiles) character file.

58 mopl the Grave Robber (level 3, -5/24 HPs)
             Began as a Demonspawn Necromancer on May 20, 2016.
             Slain by Sigmund
             ... wielding a +0 scythe
              (8 damage)
             ... on level 2 of the Dungeon.
             The game lasted 00:02:55 (979 turns).

mopl the Grave Robber (Demonspawn Necromancer)       Turns: 979, Time: 00:02:55

Health: -5/24      AC:  2    Str:  8    XL:     3   Next: 76%
Magic:  2/7        EV: 12    Int: 17    God:
Gold:   31         SH:  0    Dex: 15    Spells: 3 memorised, 2 levels left

rFire  + . .     SeeInvis .     l - +0 trident
rCold  + . .     Gourm    .     a - +0 robe
rNeg   . . .     Faith    .     (no shield)
rPois  +         Spirit   .     (helmet restricted)
rElec  +         Dismiss  .     (no cloak)
rCorr  +         Reflect  .     (no gloves)
SustAt .         Harm     .     (no boots)
MR     .....                    (no amulet)
Stlth  +.........               (no ring)
                                (no ring)

@: confused, resistant, not resistant to hostile enchantments, very unstealthy
A: horns 1, thin skeletal structure 1
a: no special abilities


You were on level 2 of the Dungeon.
You were not hungry.

You visited 1 branch of the dungeon, and saw 2 of its levels.

You collected 31 gold pieces.

Inventory:

Hand Weapons
 l - a +0 trident (weapon)
Armour
 a - a +0 robe (worn)
Scrolls
 g - 2 scrolls of remove curse
 i - a scroll of identify {unknown}
 j - a scroll of recharging {unknown}
 k - a scroll of random uselessness {unknown}
Books
 b - a book of Necromancy

   Spells                             Type                      Level
   a - Pain                           Necromancy                   1
   b - Animate Skeleton               Necromancy                   1
   c - Vampiric Draining              Necromancy                   3
   d - Regeneration                   Charms/Necromancy            3
   e - Animate Dead                   Necromancy                   4
   f - Control Undead                 Necromancy                   4
Comestibles
 c - 3 bread rations
 f - a meat ration
 h - 7 chunks of flesh


   Skills:
 - Level 1.7 Dodging
 - Level 1.7 Stealth
 + Level 2.8 Spellcasting
 * Level 5.4 Necromancy


You had 2 spell levels left.
You knew the following spells:

 Your Spells              Type           Power        Failure   Level  Hunger
a - Pain                  Necr           ###.         1%          1    #......
b - Vampiric Draining     Necr           ###.......   8%          3    ###....
x - Animate Skeleton      Necr           N/A          1%          1    #......


Dungeon Overview and Level Annotations

Branches:
Dungeon (2/15)

Altars:
Cheibriados
Trog

Annotations:
D:2 Sigmund


Innate Abilities, Weirdness & Mutations

You have a pair of small horns on your head.
You have a somewhat thin skeletal structure (Dex +2, Stealth).


Message History

Sigmund flickers and vanishes!
Deactivating autopickup; reactivate with Ctrl-A.
You bump into the rock wall.
Something hits you!
Some of the chunks of flesh in your inventory have rotted away.
You bump into the rock wall.
Something hits you!
* * * LOW HITPOINT WARNING * * *
Drink which item? (? for menu, Esc to quit)
You feel better.
There is a stone staircase leading down here.
Drink which item? (? for menu, Esc to quit)
It was a potion of resistance.
You feel protected.
You hear some strange, mumbled words.
Something tries to affect you, but you resist.
A magic dart appears from out of thin air!
The magic dart hits you!
* * * LOW HITPOINT WARNING * * *
You are confused.
Something hits you!
You die...

#### .... # ### #.####
#....### #.....#
#.....######## ###
#....@{......# #..
#.....######.#######.#
#.....# #.........#
####### ###########


There were no monsters in sight!

Vanquished Creatures
  A gnoll (D:1)
  2 adders (D:2)
  2 dart slugs (D:1)
  2 giant geckos (D:2)
  6 bats
  2 giant cockroaches (D:1)
  2 goblins
  4 hobgoblins
  A kobold (D:1)
  5 rats
27 creatures vanquished.

Notes
Turn   | Place    | Note
--------------------------------------------------------------
     0 | D:1      | mopl the Demonspawn Necromancer began the quest for the Orb.
     0 | D:1      | Reached XP level 1. HP: 13/13 MP: 3/3
   377 | D:1      | Gained mutation: You have a somewhat thin skeletal structure (Dex +2, Stealth). [demonic ancestry]
   377 | D:1      | Reached XP level 2. HP: 19/19 MP: 3/5
   380 | D:1      | Learned a level 1 spell: Animate Skeleton
   572 | D:1      | Reached skill level 5 in Necromancy
   679 | D:2      | Gained mutation: You have a pair of small horns on your head. [demonic ancestry]
   679 | D:2      | Reached XP level 3. HP: 23/24 MP: 4/6
   709 | D:2      | Found a bloodstained altar of Trog.
   751 | D:2      | Found a snail-covered altar of Cheibriados.
   784 | D:2      | Learned a level 3 spell: Vampiric Draining
   898 | D:2      | Noticed Sigmund
   979 | D:2      | Slain by Sigmund

Skill      XL: |  1  2 |
---------------+-------+-----
Necromancy     | 5 |  5.4
Dodging        | |  1.7
Stealth        | |  1.7
Spellcasting   | |  2.8

Action                   || total
-------------------------++-------
Melee: Trident           ||     9
 Cast: Pain              ||    42
       Vampiric Draining ||     3
  Use: Scroll            ||     2
       Potion            ||     3
 Stab: Sleeping          ||     3
  Eat: Chunk             ||     1
Armor: Robe              ||     3
Dodge: Dodged            ||    11
